 Dungeon Crawl Stone Soup version 0.20.0-10-g0535bb4 (webtiles) character file.

3300 Naow the Cleaver (level 10, -5/73 HPs)
             Began as a Formicid Fighter on June 7, 2017.
             Was an Initiate of Okawaru.
             Slain by a two-headed ogre
             ... wielding a +0 dire flail
              (12 damage)
             ... on level 8 of the Dungeon.
             The game lasted 00:12:18 (10240 turns).

Naow the Cleaver (Formicid Fighter)                Turns: 10240, Time: 00:12:19

Health: -5/73      AC: 13    Str: 24    XL:     10   Next: 20%
Magic:  10/10      EV:  6    Int:  8    God:    Okawaru [......]
Gold:   434        SH: 12    Dex: 10    Spells: 9/9 levels left

rFire    + . .     SeeInvis +   a - +0 war axe
rCold    . . .     Gourm    .   c - +0 shield
rNeg     . . .     Faith    .   H - +0 plate armour
rPois    .         Spirit   .   (helmet unavailable)
rElec    .         Reflect  .   E - +0 cloak
rCorr    .         Harm     .   (no gloves)
MR       +....                  (no boots)
Stlth    ..........             (no amulet)
Regen    0.3/turn               h - ring of protection from fire
MPRegen  0.2/turn               (no ring)

@: no status effects
A: permanent stasis, dig shafts and tunnels, four strong arms, antennae 3
a: Dig, Shaft Self, Renounce Religion


You were on level 8 of the Dungeon.
You worshipped Okawaru.
Okawaru was noncommittal.
You were not hungry.

You visited 2 branches of the dungeon, and saw 9 of its levels.

You collected 434 gold pieces.

Inventory:

Hand Weapons
 a - a +0 war axe (weapon)
 s - a +0 shortbow
 B - a +0 longbow
Missiles
 w - 58 arrows
Armour
 b - a +0 scale mail
 c - a +0 shield (worn)
 E - a +0 cloak (worn)
 H - a +0 plate armour (worn)
Jewellery
 h - a ring of protection from fire (left hand)
 K - an uncursed ring of fire {unknown}
Wands
 v - a wand of paralysis (18/24)
 y - a wand of clouds (3/9)
 C - a wand of disintegration (13/24)
Scrolls
 e - a scroll of fear {unknown}
 g - 4 scrolls of remove curse {unknown}
 i - 5 scrolls of amnesia {unknown}
 k - 5 scrolls of identify {unknown}
 q - 2 scrolls of enchant weapon {unknown}
 t - 3 scrolls of magic mapping {unknown}
 x - a scroll of teleportation {unknown}
 z - a scroll of random uselessness {unknown}
 D - 2 scrolls of immolation {unknown}
Potions
 d - a potion of might
 j - 3 potions of heal wounds
 l - 3 potions of curing {unknown}
 n - a potion of degeneration {unknown}
 o - a potion of lignification {unknown}
 p - a potion of resistance {unknown}
 u - a potion of ambrosia {unknown}
 A - a potion of mutation {unknown}
 F - a potion of flight {unknown}
 I - a potion of haste {unknown}
Comestibles
 f - 4 bread rations
 m - 9 fruits
 r - 2 royal jellies
 G - a meat ration


   Skills:
 + Level 4.5 Fighting
 * Level 11.0 Axes
 + Level 4.6 Armour
 - Level 9.3 Shields


You had 9 spell levels left.
You didn't know any spells.

Dungeon Overview and Level Annotations

Branches:
Dungeon (8/15)             Temple (1/1) D:7
   Lair: D:8-11

Altars:
Ashenzari
Dithmenos
Elyvilon
Fedhas
Gozag
Hepliaklqana
Kikubaaqudgha
Makhleb
Nemelex Xobeh
Okawaru
Qazlal
Ru
Sif Muna
Trog
Uskayaw
Vehumet
Xom
Yredelemnul
Zin
The Shining One

Annotations:
D:4 sour's ghost, amateur GrFi
D:8 4 runed doors


Innate Abilities, Weirdness & Mutations

You cannot be hasted, slowed, berserked, paralysed or teleported.
You can dig through walls and to a lower floor.
Your four strong arms can wield two-handed weapons with a shield.
You have a pair of large antennae on your head. (SInv)


Message History

You block the two-headed ogre's attack. The two-headed ogre closely misses you.
All of the chunks of flesh in your inventory have rotted away.
You completely miss the two-headed ogre.
The two-headed ogre is severely wounded.
The two-headed ogre barely misses you. x2
Your plate armour prevents you from hitting the two-headed ogre.
The two-headed ogre is severely wounded.
You hit the two-headed ogre.
The two-headed ogre is severely wounded.
The two-headed ogre hits you with a dire flail!
* * * LOW HITPOINT WARNING * * *
The two-headed ogre hits you with a dire flail.
* * * LOW HITPOINT WARNING * * *
You slash the two-headed ogre!
The two-headed ogre is almost dead.
You block the two-headed ogre's attack. x2
Your plate armour prevents you from hitting the two-headed ogre.
The two-headed ogre is almost dead.
The two-headed ogre hits you with a dire flail!
You die...

.# .## #...(...## ..#
#........## ..######
#.........# .......###
#.........## .........#
#..........# .........##
#..........#
##........###..........#
#########...##..@O......
###........!...# ##
###.........## .##
####.....## ..# ###...#
..## ##... ...# ###.
####


You could see a two-headed ogre.

Vanquished Creatures
  Pikel (D:7)
  Eustachio (D:6)
  A hungry ghost (D:7)
  A sky beast (D:8)
  A phantom (D:6)
  2 orc warriors (D:7)
  4 slaves
  2 ice beasts
  4 ogres
  3 centaurs
  A big kobold (D:7)
  A wyvern zombie (D:6)
  A bullfrog (D:7)
  5 scorpions
  2 howler monkeys (D:8)
  A crimson imp (D:5)
  A bullfrog zombie (D:5)
  2 jellies
  5 hounds
  An orc priest (D:7)
  4 orc wizards
  A centaur skeleton (D:7)
  An iguana (D:8)
  4 worker ants
  A worker ant zombie (D:6)
  Robin (D:2)
  2 gnolls
  9 adders
  A howler monkey skeleton (D:5)
  A shadow imp (D:8)
  An ooze (D:1)
  3 adder skeletons
  An adder zombie (D:5)
  2 worms
  A dart slug (D:3)
  6 leopard geckos
  36 orcs
  7 bats
  7 giant cockroaches
  8 hobgoblins
  12 jackals
  3 quokkas
  9 frilled lizards
  22 goblins
  18 kobolds
  9 rats
210 creatures vanquished.

Notes
Turn   | Place    | Note
-------+----------+-------------------------------------------
     0 | D:1      | Naow the Formicid Fighter began the quest for the Orb.
     0 | D:1      | Reached XP level 1. HP: 18/18 MP: 1/1
   279 | D:1      | Reached XP level 2. HP: 19/24 MP: 2/2
   869 | D:1      | Reached skill level 3 in Axes
   883 | D:1      | Reached XP level 3. HP: 26/29 MP: 3/3
  1418 | D:2      | Reached XP level 4. HP: 25/35 MP: 4/4
  2002 | D:2      | Reached skill level 4 in Axes
  2123 | D:2      | Reached XP level 5. HP: 30/41 MP: 5/5
  2224 | D:2      | Noticed Robin
  2414 | D:2      | Killed Robin
  2756 | D:3      | Reached skill level 5 in Shields
  3141 | D:3      | Reached XP level 6. HP: 47/47 MP: 6/6
  3335 | D:3      | Reached skill level 5 in Axes
  3638 | D:4      | Noticed sour's ghost (amateur GrFi)
  4228 | D:4      | Found a blossoming altar of Fedhas.
  4357 | D:4      | Reached XP level 7. HP: 34/52 MP: 7/7
  4663 | D:5      | Entered Level 5 of the Dungeon
  4842 | D:5      | Reached skill level 6 in Axes
  5126 | D:5      | Found a radiant altar of Vehumet.
  5539 | D:5      | Reached skill level 7 in Axes
  5539 | D:5      | Reached XP level 8. HP: 50/58 MP: 8/8
  5904 | D:5      | Found a stormy altar of Qazlal.
  5905 | D:5      | Found a hide-covered altar of Uskayaw.
  5956 | D:5      | Found an iron altar of Okawaru.
  5956 | D:5      | Found a bloodstained altar of Trog.
  6397 | D:6      | Noticed Eustachio
  6412 | D:6      | Killed Eustachio
  6412 | D:6      | Reached skill level 8 in Axes
  6748 | D:6      | Found a white marble altar of Elyvilon.
  7380 | D:7      | Reached XP level 9. HP: 61/64 MP: 9/9
  7417 | D:7      | Reached skill level 9 in Axes
  8285 | D:8      | Reached skill level 10 in Axes
  8316 | D:8      | Noticed Pikel
  9010 | D:7      | Found a staircase to the Ecumenical Temple.
  9054 | Temple   | Entered the Ecumenical Temple
  9251 | D:5      | Became a worshipper of Warmaster Okawaru
  9369 | D:7      | Killed Pikel
  9369 | D:7      | Reached skill level 11 in Axes
  9369 | D:7      | Reached XP level 10. HP: 22/73 MP: 10/10
  9983 | D:8      | Noticed a manticore
  9984 | D:8      | Found a huge runed gate.
  9984 | D:8      | Found a huge runed gate.
  9984 | D:8      | Found a huge runed gate.
  9999 | D:8      | Found a huge runed gate.
 10222 | D:8      | Noticed a two-headed ogre
 10240 | D:8      | Slain by a two-headed ogre

Skill      XL: |  1  2  3  4  5  6  7  8  9 |
---------------+----------------------------+-----
Axes           | 3 4 5 7 8 11 | 11.0
Shields        | 4 5 6 8 9 |  9.3
Fighting       | 4 |  4.5
Armour         | 4 |  4.6

Action                   |  1- 3 |  4- 6 |  7- 9 | 10-12 || total
-------------------------+-------+-------+-------+-------++-------
Melee: War axe           |    97 |   278 |   432 |    68 ||   875
  Eat: Chunk             |     1 |    11 |    17 |     4 ||    33
       Fruit             |       |       |     1 |       ||     1
Armor: Scale mail        |    40 |   112 |    87 |       ||   239
       Plate armour      |       |       |    27 |    15 ||    42
Dodge: Dodged            |    24 |    92 |    93 |    12 ||   221
Block: Shield            |    62 |   186 |   204 |    28 ||   480
